 Dungeon Crawl Stone Soup version 0.26-a0-546-g3c2127501a (webtiles) character file.

Game seed: 6573328266903246973

338 ANON1729 the Sneak (level 6, -4/37 HPs)
             Began as a Kobold Brigand on Aug 19, 2020.
             Slain by an ogre
             ... wielding a +0 giant club
              (11 damage)
             ... on level 4 of the Dungeon.
             The game lasted 00:04:46 (4051 turns).

ANON1729 the Sneak (Kobold Brigand)                 Turns: 4051, Time: 00:04:47

Health: -4/37      AC:  4    Str:  9    XL:     6   Next: 85%
Magic:  6/6        EV: 16    Int: 12    God:
Gold:   173        SH:  0    Dex: 18    Spells: 5/5 levels left

rFire    . . .     SeeInvis +   a - +2 dagger
rCold    . . .     Faith    .   (shield restricted)
rNeg     . . .     Spirit   .   b - +0 robe
rPois    .         Reflect  .   w - +1 hat
rElec    .         Harm     .   c - +0 cloak
rCorr    .                      (no gloves)
MR       .....                  (no boots)
Stlth    +++++.....             o - amulet of magic regeneration
HPRegen  0.12/turn              g - ring of see invisible
MPRegen  0.35/turn              (no ring)

@: no status effects
A: small, nightstalker 3
a: no special abilities


You were on level 4 of the Dungeon.
You visited 2 branches of the dungeon, and saw 5 of its levels.

You collected 173 gold pieces.

Inventory:

Hand Weapons
 a - a +2 dagger (weapon)
Missiles
 d - 8 poisoned darts (quivered)
 e - 2 curare-tipped darts
Armour
 b - a +0 robe (worn)
 c - a +0 cloak (worn)
 w - a +1 hat (worn)
Jewellery
 g - a ring of see invisible (left hand)
 o - an amulet of magic regeneration (around neck)
Wands
 r - a wand of random effects (9)
Scrolls
 f - 2 scrolls of amnesia {unknown}
 i - a scroll of enchant armour {unknown}
 j - a scroll of teleportation {unknown}
 k - 7 scrolls of identify {unknown}
 q - a scroll of remove curse {unknown}
 s - a scroll of fear {unknown}
 u - a scroll of magic mapping {unknown}
Potions
 h - a potion of cancellation {unknown}
 l - a potion of invisibility {unknown}
 m - 3 potions of curing {unknown}
 n - a potion of stabbing {unknown}
 p - 2 potions of might {unknown}
 t - 2 potions of heal wounds {unknown}
 v - a potion of flight {unknown}
 x - a potion of resistance {unknown}


   Skills:
 + Level 3.2 Fighting
 * Level 5.2 Short Blades
 + Level 3.4 Throwing
 + Level 2.9 Dodging
 * Level 7.3 Stealth


You had 5 spell levels left.
You didn't know any spells.
Your spell library was empty.

Dungeon Overview and Level Annotations

Branches:
Dungeon (4/15)             Temple (1/1) D:4

Altars:
Ashenzari
Cheibriados
Fedhas
Gozag
Hepliaklqana
Makhleb
Nemelex Xobeh
Okawaru
Qazlal
Ru
Sif Muna
Trog
Uskayaw
Xom
Yredelemnul


Innate Abilities, Weirdness & Mutations

You are small and have problems with some larger weapons.
You are completely attuned to the shadows.


Message History

The ogre shouts!
You hear a shout! x5
The ogre hits you with a +0 giant club!!
Ouch! That really hurt!
An orc comes into view. It is wielding a +0 hand axe.
You are too injured to fight recklessly!
You are too injured to fight recklessly!
You are too injured to fight recklessly!
You are too injured to fight recklessly!
You are too injured to fight recklessly!
Evoke which item? (* to show all) (? for menu, Esc to quit)
Aiming: Random Effects
Press: ? - help, Shift-Dir - straight line, f - ogre
Aim: an ogre, wielding a +0 giant club The fireball explodes!
The fireball engulfs the ogre.
The ogre is lightly wounded.
The fireball engulfs you!
* * * LOW HITPOINT WARNING * * *
You hear a shout! x2
The ogre hits you with a +0 giant club!
You die...

#.......## ##......# #..##..#.
#.........####......#####..#...#.
'.........'.....)................
#.........####......P####..######
##.......## ##......#..#..#..#..
##.....## ##.....#))#..#).#..
##...## #.....##'#..#'##..
#..............###
#@#...............
#O##.#'#####......
#.##.#.†#..#####.P
#.##.#..#[.'.).'..
#####o##.#######.).#.. .....o
.o....##.......#####.P ...o#
########.............. ...
########.##...# #.# #.....###


You could see an ogre and an orc.

Vanquished Creatures
  3 hounds
  An iguana (D:3)
  2 worker ants (D:4)
  3 gnolls (D:2)
  2 adders (D:2)
  3 oozes
  2 dart slugs (D:1)
  3 leopard geckos
  3 orcs (D:4)
  6 bats
  4 giant cockroaches
  13 hobgoblins
  17 jackals
  A quokka (D:2)
  7 frilled lizards
  17 goblins
  A jackal skeleton (D:4)
  9 kobolds
  8 rats
105 creatures vanquished.

Notes
Turn   | Place    | Note
-------+----------+-------------------------------------------
     0 | D:1      | ANON1729 the Kobold Brigand began the quest for the Orb.
     0 | D:1      | Reached XP level 1. HP: 12/12 MP: 1/1
    57 | D:1      | Reached XP level 2. HP: 10/17 MP: 2/2
   423 | D:1      | Reached XP level 3. HP: 22/22 MP: 3/3
   980 | D:2      | Reached skill level 6 in Stealth
   980 | D:2      | Reached XP level 4. HP: 27/27 MP: 4/4
  1257 | D:2      | Reached XP level 5. HP: 16/31 MP: 5/5
  2449 | D:3      | Reached XP level 6. HP: 32/37 MP: 6/6
  2530 | D:4      | Reached skill level 7 in Stealth
  2619 | D:4      | Noticed a phantom
  2620 | D:4      | Reached skill level 5 in Short Blades
  3166 | D:4      | Found a staircase to the Ecumenical Temple.
  3185 | Temple   | Entered the Ecumenical Temple
  4044 | D:4      | Noticed an ogre
  4051 | D:4      | Slain by an ogre

Illustrated notes

Levels and vault maps discovered:
D:1:      minmay_arrival_semitransparent, layout_loops_ring, minmay_quantized
D:2:      layout_rooms, fountainhead
D:3:      layout_loops_ring
D:4:      corexii_shack_village, layout_loops_corners,
          minmay_temple_entry_gardened_gates, minmay_goblin_outpost
Temple:   eino_wide_crystal_templ

Skill      XL: |  1  2  3  4  5  6 |
---------------+-------------------+-----
Short Blades   | 3 4 5 |  5.2
Stealth        | 6 7 |  7.3
Dodging        | 2 |  2.9
Throwing       | 3 |  3.4
Fighting       | 3 |  3.2

Action                   |  1- 3 |  4- 6 || total
-------------------------+-------+-------++-------
Melee: Dagger            |    58 |   204 ||   262
Throw: Dart              |       |    14 ||    14
Evoke: Wand              |       |     9 ||     9
 Stab: Sleeping          |    24 |    42 ||    66
Armor: Robe              |    10 |    25 ||    35
Dodge: Dodged            |    26 |   144 ||   170

Table legend: (Time is in decaauts)
 A = Elapsed time spent in this place.
 B = Non-inter-level travel time spent in this place.
 C = Inter-level travel time spent in this place.
 D = Time resting spent in this place.
 E = Time spent auto-exploring this place.
 F = Levels seen in this place.
 G = Mean time per level.
                   A        B        C        D        E       F      G
               +--------+--------+--------+--------+--------+-----+--------+
         Total |   3994 |   3920 |     74 |   1194 |   2077 |   5 |  798.8 |
       Dungeon |   3937 |   3876 |     61 |   1194 |   2034 |   4 |  984.2 |
        Temple |     56 |     43 |     13 |      0 |     43 |   1 |   56.0 |
               +--------+--------+--------+--------+--------+-----+--------+

Top non-repeatable levels by time:
     D:4: 1456 daAuts
     D:1: 969 daAuts
     D:2: 945 daAuts
     D:3: 566 daAuts
  Temple: 56 daAuts
